cohdb
Replays
Latest Replays
All Replays
Popular Replays
Top Player Replays
Match Explorer
How It Works
Community
CoH3 Stats
Reddit
Sign in to upload your games and track your stats! →
Sign in with Steam
Match 46612868
Unlisted
Match 46612868
Overview
Messages
Build Orders
End
Kradschützen Motorcycle Team
Panzerpioneer Squad
Selects Panzerjäger Kommand Battlegroup
Selects Mine Fields
250 Light Carrier
Construct Light Support Kompanie
Assault Grenadier Squad
Fire Support Elements
Veteran Squad Leaders
Flakvierling Half-track
Selects Tank Busters
Assault Mechanized Group
Panzerjäger Squad
Selects Crew Shock Tactics
Construct Panzerarmee Kommand
Armored Reserves
Panzerjäger Squad
Selects Anti-tank Overwatch
Tiger Heavy Tank
Emergency Repair Kits
Anti-tank Overwatch
Selects Defensive Positions
Selects Butterfly Bomb Drop
Tiger Heavy Tank
Rapid Advance
Vehicle Survival Package
Butterfly Bomb Drop
Panzer III L Medium Tank
Anti-tank Overwatch
Crew Shock Tactics
Panzerpioneer Squad
Demi
Ermac
aSIISpanky
aSIIDemolitionHammer
0
0
Comments
sign in to comment!
No comments posted yet!